[Event "November 21 Late 2023"]
[Site "https://www.chess.com"]
[Date "2023.11.21"]
[Round "1"]
[White "Carlsen, Magnus"]
[Black "Kovacsy, Barnabas"]
[Result "1-0"]
[Board "1"]
[TimeControl "180+1"]
[WhiteFideId "1503014"]
[BlackFideId "769290"]
[WhiteElo "2887"]
[BlackElo "2130"]
[WhiteTeam "NOR"]
[BlackTeam "HUN"]
[WhiteClock "0:02:07"]
[BlackClock "0:00:35"]

1. b3 d5 2. Nc3 Nf6 3. e3 c5 4. Nf3 Nc6 5. Bb5 Bd7 6. Ba3 b6 7. O-O e6 8. d4 Be7 9. dxc5 bxc5 10. Na4 Qa5 11. Be2 Ne4 12. c4 Nb4 13. cxd5 Bxa4 14. bxa4 Nc3 15. Bb5+ Nxb5 16. Bxb4 cxb4 17. axb5 Qxb5 18. dxe6 fxe6 19. Nd4 Qd5 20. Qa4+ Kf7 21. Nc6 Rhe8 22. Rfd1 Qe4 23. Rd4 Qf5 24. Rf4 1-0

[Event "November 21 Late 2023"]
[Site "https://www.chess.com"]
[Date "2023.11.21"]
[Round "1"]
[White "Droin, Augustin"]
[Black "Nakamura, Hikaru"]
[Result "0-1"]
[Board "2"]
[TimeControl "180+1"]
[WhiteFideId "45105987"]
[BlackFideId "2016192"]
[WhiteElo "2374"]
[BlackElo "2874"]
[WhiteTeam "FRA"]
[BlackTeam "USA"]
[WhiteClock "0:01:26"]
[BlackClock "0:02:33"]

1. e4 a6 2. d4 e6 3. Nf3 d5 4. exd5 exd5 5. Bd3 Bd6 6. O-O Ne7 7. h3 O-O 8. Nc3 c6 9. Ne2 Bf5 10. Bf4 Bxd3 11. Qxd3 Ng6 12. Bxd6 Qxd6 13. Rfe1 Nd7 14. Ng3 Rfe8 15. Rxe8+ Rxe8 16. c3 Nf4 17. Qd2 Qf6 18. Re1 Re6 19. Rxe6 Nxe6 20. Qe3 g6 21. Ne2 Qf5 0-1

[Event "November 21 Late 2023"]
[Site "https://www.chess.com"]
[Date "2023.11.21"]
[Round "1"]
[White "Martinez Alcantara, Jose Eduardo"]
[Black "Hnydiuk, Aleksander"]
[Result "1-0"]
[Board "3"]
[TimeControl "180+1"]
[WhiteFideId "3805662"]
[BlackFideId "1109057"]
[WhiteElo "2703"]
[BlackElo "2374"]
[WhiteTeam "PER"]
[BlackTeam "POL"]
[WhiteClock "0:02:06"]
[BlackClock "0:01:05"]

1. e4 Nf6 2. e5 Nd5 3. d4 d6 4. Nf3 dxe5 5. Nxe5 c6 6. Bd3 Nd7 7. Nf3 N7f6 8. h3 Nb4 9. O-O Nxd3 10. Qxd3 g6 11. Re1 Bg7 12. Bf4 O-O 13. Nbd2 Bf5 14. Qb3 Qb6 15. c3 Qxb3 16. axb3 a6 17. Bh2 Rfe8 18. Nc4 Nd5 19. Na5 Ra7 20. Ne5 Rc8 21. b4 Bh6 22. Nac4 Kf8 23. Ne3 Nxe3 24. fxe3 Be4 25. Nd7+ Ke8 26. Nb6 Rd8 27. Bc7 Rd6 28. Bxd6 exd6 29. Nc8 1-0

[Event "November 21 Late 2023"]
[Site "https://www.chess.com"]
[Date "2023.11.21"]
[Round "1"]
[White "Bilan, Danila"]
[Black "Nihal Sarin"]
[Result "0-1"]
[Board "4"]
[TimeControl "180+1"]
[WhiteFideId "24161918"]
[BlackFideId "25092340"]
[WhiteElo "2146"]
[BlackElo "2689"]
[WhiteTeam "RUS"]
[BlackTeam "IND"]
[WhiteClock "0:00:01"]
[BlackClock "0:00:50"]

1. d4 b5 2. Nf3 Bb7 3. e3 a6 4. c4 bxc4 5. Bxc4 e6 6. O-O Nf6 7. Nc3 d5 8. Bd3 Nbd7 9. Na4 c5 10. dxc5 Nxc5 11. Nxc5 Bxc5 12. b3 O-O 13. Bb2 Bd6 14. Ne5 a5 15. Bd4 Qb8 16. f4 Ba6 17. Rc1 Bxd3 18. Qxd3 Qb7 19. Rc2 Ne4 20. Rfc1 a4 21. bxa4 Rxa4 22. Qe2 f6 23. Nc6 Ba3 24. Bb2 Bd6 25. Nd4 Re8 26. Ba1 Ba3 27. Bb2 Bd6 28. Ba1 h6 29. Qg4 f5 30. Qg6 Qf7 31. Qxf7+ Kxf7 32. Rc6 Rxa2 33. Nb5 Bf8 34. Be5 Re2 35. Bd4 Rb8 36. Rc7+ Kg6 37. Nc3 Nxc3 38. R7xc3 Rbb2 39. Rc8 Rxg2+ 40. Kf1 Rbf2+ 41. Ke1 Bb4+ 42. Bc3 Bxc3+ 43. R1xc3 Ra2 0-1

[Event "November 21 Late 2023"]
[Site "https://www.chess.com"]
[Date "2023.11.21"]
[Round "1"]
[White "Andreikin, Dmitry"]
[Black "Serban, Cristian-Stefan"]
[Result "1-0"]
[Board "5"]
[TimeControl "180+1"]
[WhiteFideId "4158814"]
[BlackFideId "1241443"]
[WhiteElo "2741"]
[BlackElo "2028"]
[WhiteTeam "FID"]
[BlackTeam "ROU"]
[WhiteClock "0:02:02"]
[BlackClock "0:00:00"]

1. Nf3 d5 2. c4 e6 3. g3 Nf6 4. Bg2 dxc4 5. O-O b5 6. a4 c6 7. axb5 cxb5 8. b3 cxb3 9. Qxb3 a6 10. Nd4 Qxd4 11. Bb2 Qa7 12. Nc3 Bd7 13. Nxb5 Bxb5 14. Bxa8 Bxe2 15. Rfc1 Qxa8 16. Rc8+ Kd7 17. Rxb8 Qc6 18. Rb7+ Kc8 19. Rc1 Bc5 20. Rb8+ Kd7 21. Rxh8 1-0

[Event "November 21 Late 2023"]
[Site "https://www.chess.com"]
[Date "2023.11.21"]
[Round "1"]
[White "dodoucb"]
[Black "Erigaisi Arjun"]
[Result "0-1"]
[Board "6"]
[TimeControl "180+1"]
[BlackFideId "35009192"]
[WhiteElo "2507"]
[BlackElo "2729"]
[BlackTeam "IND"]
[WhiteClock "0:00:13"]
[BlackClock "0:02:42"]

1. e4 c6 2. d4 d5 3. e5 Bf5 4. g4 Be4 5. f3 Bg6 6. Bd3 e6 7. Ne2 c5 8. c3 Nc6 9. Be3 Qb6 10. Bxg6 hxg6 11. Qd2 Rc8 12. a3 Na5 13. dxc5 Qa6 14. Qc2 Nc4 15. Bd4 Bxc5 16. Nd2 Ne7 17. Nxc4 Qxc4 18. Bxc5 Qxc5 19. Nd4 Qxd4 20. cxd4 Rxc2 0-1

[Event "November 21 Late 2023"]
[Site "https://www.chess.com"]
[Date "2023.11.21"]
[Round "1"]
[White "Le, Quang Liem"]
[Black "Kochiev, Ivan"]
[Result "1-0"]
[Board "7"]
[TimeControl "180+1"]
[WhiteFideId "12401137"]
[BlackFideId "2917890"]
[WhiteElo "2665"]
[BlackElo "2285"]
[WhiteTeam "VIE"]
[BlackTeam "BUL"]
[WhiteClock "0:01:11"]
[BlackClock "0:00:00"]

1. Nf3 Nf6 2. c4 e6 3. Nc3 d5 4. e3 b6 5. b3 Bb7 6. Bb2 Be7 7. cxd5 exd5 8. Rc1 O-O 9. Ne2 Re8 10. g3 c5 11. Bg2 Nc6 12. d4 Rc8 13. O-O Ne4 14. Nf4 Bf6 15. Nh5 Be7 16. dxc5 g6 17. Nf4 Nb4 18. a3 Na6 19. cxb6 Rxc1 20. Qxc1 Qxb6 21. b4 Rc8 22. Qd1 Nc7 23. Ne5 Rd8 24. Qc2 Ne6 25. Nxd5 Bxd5 26. Bxe4 Bf6 27. Ng4 Bxb2 28. Qxb2 Bxe4 29. Nf6+ Kf8 30. Nxe4 1-0

[Event "November 21 Late 2023"]
[Site "https://www.chess.com"]
[Date "2023.11.21"]
[Round "1"]
[White "arenal72"]
[Black "Theodorou, Nikolas"]
[Result "0-1"]
[Board "8"]
[TimeControl "180+1"]
[BlackFideId "4262875"]
[WhiteElo "2505"]
[BlackElo "2525"]
[BlackTeam "GRE"]
[WhiteClock "0:00:01"]
[BlackClock "0:00:58"]

1. Nf3 Nf6 2. g3 Nc6 3. Bg2 e5 4. d3 d5 5. O-O h6 6. Nc3 Be6 7. e4 dxe4 8. Nxe4 Nxe4 9. dxe4 Qxd1 10. Rxd1 Bc5 11. c3 a5 12. b3 Ke7 13. Ne1 Rhd8 14. Nd3 Rd7 15. Be3 Bxe3 16. fxe3 Rad8 17. Nb2 Rd2 18. Rxd2 Rxd2 19. Nd1 a4 20. bxa4 Na5 21. Bf1 Bxa2 22. Nf2 Nb3 23. Re1 Nc5 24. a5 Rc2 25. Re2 Rxe2 26. Bxe2 Bb1 27. Kf1 Bxe4 28. Ke1 Bb1 29. Kd1 Bf5 30. Bc4 f6 31. Bd5 c6 32. Bc4 Kd6 33. h4 Be6 34. Be2 Kc7 35. Ke1 Bc8 36. Nd3 Nb3 37. a6 bxa6 38. Bd1 Na5 39. Kf2 Kd6 40. Bc2 c5 41. Nb2 Be6 42. Bd3 c4 43. Bc2 Bd5 44. e4 Be6 45. Nd1 Nb7 46. Ne3 Kc5 47. g4 Nd6 48. Kf3 a5 49. Ba4 Bc8 50. g5 hxg5 51. hxg5 fxg5 52. Nd5 Nxe4 53. Kxe4 Bb7 54. Kxe5 Bxd5 55. Kf5 Bc6 56. Bc2 a4 57. Kxg5 a3 58. Bb1 Be4 59. Ba2 Bc2 0-1

[Event "November 21 Late 2023"]
[Site "https://www.chess.com"]
[Date "2023.11.21"]
[Round "1"]
[White "Cristi_Coca"]
[Black "Bortnyk, Olexandr"]
[Result "0-1"]
[Board "10"]
[TimeControl "180+1"]
[BlackFideId "14120828"]
[WhiteElo "2503"]
[BlackElo "2725"]
[BlackTeam "UKR"]
[WhiteClock "0:01:00"]
[BlackClock "0:00:11"]

1. e4 Nf6 2. e5 Nd5 3. d4 d6 4. Nf3 dxe5 5. dxe5 Bf5 6. Be2 Nc6 7. O-O e6 8. a3 Be7 9. c4 Nb6 10. Nc3 O-O 11. b4 a5 12. b5 Na7 13. Be3 Qxd1 14. Rfxd1 Rad8 15. c5 Nd5 16. Nxd5 exd5 17. Rac1 Rfe8 18. a4 Nc8 19. Nd4 Be4 20. f3 Bg6 21. f4 Be4 22. Bd3 Bf8 23. Bxe4 dxe4 24. Nf5 Ne7 25. Ng3 Nd5 26. Kf2 Nxe3 27. Kxe3 Bxc5+ 28. Kxe4 b6 29. Rd5 Rxd5 30. Kxd5 Rd8+ 31. Kc6 Rd4 32. Kxc7 Rxf4 33. Rxc5 bxc5 34. b6 Rxa4 35. b7 Rb4 36. Ne4 c4 37. b8=Q+ Rxb8 38. Kxb8 Kf8 39. Kc7 Ke7 40. Kc6 Ke6 41. Kc5 Kxe5 42. Nc3 Kf4 43. Kxc4 Ke3 44. Kd5 Kf2 45. g4 Kg2 46. Kd6 Kxh2 47. Ke7 Kg3 48. Kxf7 Kxg4 49. Kxg7 h5 50. Kf6 Kf4 51. Ke6 h4 52. Ne2+ Ke3 53. Ng1 a4 54. Nh3 a3 0-1

[Event "November 21 Late 2023"]
[Site "https://www.chess.com"]
[Date "2023.11.21"]
[Round "1"]
[White "Hakobyan, Aram"]
[Black "Krzywda, Andrzej"]
[Result "1-0"]
[Board "11"]
[TimeControl "180+1"]
[WhiteFideId "13306677"]
[BlackFideId "1114565"]
[WhiteElo "2584"]
[BlackElo "2130"]
[WhiteTeam "ARM"]
[BlackTeam "POL"]
[WhiteClock "0:00:08"]
[BlackClock "0:00:00"]

1. d4 d5 2. Nf3 Nf6 3. c4 dxc4 4. e3 e6 5. Bxc4 c5 6. O-O Nc6 7. Re1 Be7 8. Bd3 O-O 9. dxc5 Bxc5 10. a3 Be7 11. b4 b6 12. Bb2 Bb7 13. Qe2 Qc7 14. Nbd2 Rac8 15. Rac1 Qb8 16. Ne4 Nxe4 17. Bxe4 Rfd8 18. Rc2 Nxb4 19. Rxc8 Rxc8 20. Bxb7 Qxb7 21. axb4 Bxb4 22. Rd1 h6 23. Ne5 Qe4 24. Qd3 Qxd3 25. Nxd3 Rd8 26. Kf1 a5 27. Ke2 Be7 28. Bd4 b5 29. Ne5 Rc8 30. Bb6 a4 31. Rd7 Bf6 32. Bd4 b4 33. Nd3 b3 34. Ra7 Bxd4 35. exd4 Rc4 36. Kd2 Rxd4 37. Kc3 Re4 38. g3 g5 39. h3 Kg7 40. Nc5 Re2 41. Rxa4 Rxf2 42. Ra7 Rf3+ 43. Kb2 Kf6 44. g4 Rxh3 45. Nd7+ Kg7 46. Ne5 Rg3 47. Rxf7+ Kg8 48. Rf6 1-0

[Event "November 21 Late 2023"]
[Site "https://www.chess.com"]
[Date "2023.11.21"]
[Round "1"]
[White "Urbina Perez, Juan Antonio"]
[Black "Esipenko, Andrey"]
[Result "0-1"]
[Board "12"]
[TimeControl "180+1"]
[WhiteFideId "2217368"]
[BlackFideId "24175439"]
[WhiteElo "2185"]
[BlackElo "2615"]
[WhiteTeam "ESP"]
[BlackTeam "FID"]
[WhiteClock "0:00:00"]
[BlackClock "0:00:41"]

1. d4 Nf6 2. c4 e6 3. Nf3 b6 4. g3 Ba6 5. Nbd2 c5 6. Bg2 Bb7 7. Nb3 d6 8. O-O Nbd7 9. Re1 Qc7 10. dxc5 bxc5 11. Bd2 a5 12. Bc3 Be7 13. Nc1 O-O 14. Nd3 Ne4 15. Qc2 Nxc3 16. Qxc3 Nf6 17. Rad1 a4 18. Nd2 Bxg2 19. Kxg2 Qb7+ 20. e4 d5 21. cxd5 exd5 22. Kg1 c4 23. Ne5 Bb4 24. Qd4 Rad8 25. exd5 Rxd5 26. Qf4 Rfd8 27. Nexc4 Rd4 28. Qe5 h5 29. b3 Bxd2 0-1

[Event "November 21 Late 2023"]
[Site "https://www.chess.com"]
[Date "2023.11.21"]
[Round "1"]
[White "Grischuk, Alexander"]
[Black "Ventura Bolet, Maxim"]
[Result "1-0"]
[Board "13"]
[TimeControl "180+1"]
[WhiteFideId "4126025"]
[BlackFideId "22238824"]
[WhiteElo "2699"]
[BlackElo "2227"]
[WhiteTeam "RUS"]
[BlackTeam "ESP"]
[WhiteClock "0:00:17"]
[BlackClock "0:00:00"]

1. d4 Nf6 2. c4 d6 3. Nf3 g6 4. g3 Bg7 5. Bg2 O-O 6. Nc3 Nbd7 7. O-O e5 8. e4 exd4 9. Nxd4 Re8 10. Qc2 Nxe4 11. Nxe4 Bxd4 12. Bg5 f6 13. Bh6 Nc5 14. Rad1 Ne6 15. Rfe1 c5 16. Nc3 Bd7 17. Bxb7 Rb8 18. Bd5 Kh8 19. Nb5 Bxb5 20. cxb5 Nc7 21. Bc6 Re5 22. Bf4 Nxb5 23. Bxe5 dxe5 24. Bxb5 Rxb5 25. b3 a5 26. Re2 a4 27. bxa4 Rb4 28. a3 Rb8 29. Rb1 Ra8 30. Qc4 Qd7 31. Qb5 Qg4 32. Kg2 f5 33. h3 Qg5 34. Qc6 Rg8 35. Rb7 f4 36. Qd7 Qh5 37. Qg4 Qxg4 38. hxg4 fxg3 39. Kxg3 Ra8 40. f4 Rxa4 41. fxe5 Rxa3+ 42. Kf4 Kg8 43. e6 1-0

[Event "November 21 Late 2023"]
[Site "https://www.chess.com"]
[Date "2023.11.21"]
[Round "1"]
[White "only_strong_moves"]
[Black "Terry, Renato"]
[Result "0-1"]
[Board "14"]
[TimeControl "180+1"]
[BlackFideId "3803457"]
[WhiteElo "2501"]
[BlackElo "2572"]
[BlackTeam "PER"]
[WhiteClock "0:01:46"]
[BlackClock "0:02:16"]

1. d4 e6 2. Nc3 Nf6 3. Bf4 Bb4 4. Qd3 Nc6 5. O-O-O d5 6. Nb5 Ba5 7. Qg3 Nh5 8. Bxc7 Nxg3 9. Bxd8 Nxh1 10. Bxa5 Nxa5 11. Nc7+ Kd8 12. Nxa8 Nxf2 13. Re1 b6 0-1

[Event "November 21 Late 2023"]
[Site "https://www.chess.com"]
[Date "2023.11.21"]
[Round "1"]
[White "Paravyan, David"]
[Black "ExchangeAB"]
[Result "1-0"]
[Board "15"]
[TimeControl "180+1"]
[WhiteFideId "4194985"]
[WhiteElo "2566"]
[BlackElo "2498"]
[WhiteTeam "FID"]
[WhiteClock "0:00:07"]
[BlackClock "0:00:03"]

1. e4 c6 2. Nf3 d5 3. Nc3 Bg4 4. h3 Bxf3 5. Qxf3 e6 6. d4 Nd7 7. Bd3 dxe4 8. Nxe4 Ngf6 9. c3 Nxe4 10. Bxe4 Nf6 11. Bc2 Bd6 12. g3 h6 13. Kf1 Qc7 14. Kg2 O-O-O 15. Re1 c5 16. Be3 cxd4 17. Bxd4 Bc5 18. Bxc5 Qxc5 19. Rad1 Qc6 20. Qxc6+ bxc6 21. Rxd8+ Rxd8 22. Rd1 Rxd1 23. Bxd1 c5 24. f4 Kc7 25. Kf3 Kd6 26. Bc2 a5 27. a3 c4 28. Bd1 Kd5 29. Ke3 Kc5 30. Bf3 Nd5+ 31. Ke4 Nb6 32. Bd1 f6 33. h4 Nd5 34. Bh5 Nb6 35. Bf7 Na4 36. Bxe6 Nxb2 37. Kf5 Nd1 38. Kg6 Nxc3 39. Kxg7 Nd5 40. Kxh6 c3 41. Bf5 Ne3 42. Bb1 Nc4 43. a4 Na3 44. Bf5 c2 45. Bxc2 Nxc2 46. h5 Kd6 47. Kg7 Ne3 48. Kxf6 Kd7 49. h6 Ng4+ 50. Kg7 1-0

[Event "November 21 Late 2023"]
[Site "https://www.chess.com"]
[Date "2023.11.21"]
[Round "1"]
[White "Nikologorsky, Matfei"]
[Black "Xiong, Jeffery"]
[Result "0-1"]
[Board "16"]
[TimeControl "180+1"]
[WhiteFideId "24102474"]
[BlackFideId "2047640"]
[WhiteElo "2153"]
[BlackElo "2726"]
[WhiteTeam "FID"]
[BlackTeam "USA"]
[WhiteClock "0:00:18"]
[BlackClock "0:02:29"]

1. e4 c5 2. Nf3 d6 3. d4 cxd4 4. Nxd4 Nf6 5. Nc3 a6 6. h3 e5 7. Nde2 h5 8. Bg5 Be7 9. Nc1 Be6 10. Be2 Nbd7 11. Nb3 b5 12. Bf3 Nb6 13. Qe2 Rc8 14. O-O Bc4 15. Qd2 Bxf1 16. Kxf1 Nc4 17. Qc1 b4 18. Ne2 d5 19. Bxf6 Bxf6 20. Ng3 h4 21. Nf5 d4 22. Be2 g6 23. Nh6 Bg5 0-1

[Event "November 21 Late 2023"]
[Site "https://www.chess.com"]
[Date "2023.11.21"]
[Round "1"]
[White "Muradli, Mahammad"]
[Black "Ongut, Tamas Gunes"]
[Result "1-0"]
[Board "17"]
[TimeControl "180+1"]
[WhiteFideId "13409301"]
[BlackFideId "770280"]
[WhiteElo "2551"]
[BlackElo "2148"]
[WhiteTeam "AZE"]
[BlackTeam "HUN"]
[WhiteClock "0:01:41"]
[BlackClock "0:00:23"]

1. g3 e5 2. Nf3 e4 3. Nd4 c5 4. Nb3 d5 5. d3 Nf6 6. Bg2 exd3 7. cxd3 Be7 8. O-O O-O 9. Bg5 h6 10. Bxf6 Bxf6 11. Nc3 c4 12. dxc4 dxc4 13. Qxd8 Rxd8 14. Na5 Nc6 15. Bxc6 bxc6 16. Rad1 Be6 17. Nxc6 Rxd1 18. Rxd1 Rc8 19. Nxa7 Rb8 20. Rd2 Bxc3 21. bxc3 Rb6 22. f3 Kf8 23. Kf2 Ke7 24. e4 Bd7 25. a4 Ra6 26. Nb5 Rxa4 27. Nc7 Bc6 28. Ke3 Ra7 29. Nd5+ Kd6 30. Kd4 Bxd5 31. exd5 Rc7 32. Ra2 f6 33. Ra4 Kd7 34. Rxc4 Rb7 35. Rb4 Ra7 36. Rb2 Ra1 37. c4 Rd1+ 38. Kc5 Rc1 39. Rb7+ Kc8 40. Rxg7 Rc2 41. Kb5 f5 42. c5 f4 43. gxf4 Rb2+ 44. Kc6 Rc2 45. Rg8# 1-0

[Event "November 21 Late 2023"]
[Site "https://www.chess.com"]
[Date "2023.11.21"]
[Round "1"]
[White "Sreyas Payyappat"]
[Black "Sarana, Alexey"]
[Result "0-1"]
[Board "18"]
[TimeControl "180+1"]
[WhiteFideId "46674969"]
[BlackFideId "24133795"]
[WhiteElo "2043"]
[BlackElo "2707"]
[WhiteTeam "IND"]
[BlackTeam "SRB"]
[WhiteClock "0:00:02"]
[BlackClock "0:01:24"]

1. e4 c5 2. Nf3 d6 3. d4 cxd4 4. Nxd4 Nf6 5. Nc3 a6 6. h4 e5 7. Nb3 Be7 8. f4 Nc6 9. f5 d5 10. exd5 Nb4 11. Bc4 Bxf5 12. O-O Bxc2 13. Qf3 O-O 14. Bg5 b5 15. Be2 e4 16. Qg3 Kh8 17. Nd4 Nfxd5 18. Nxc2 Bxg5 19. Nxb4 Bxh4 20. Qg4 Nxb4 21. Qxe4 Bg3 22. Rf3 Qb6+ 23. Kf1 Bd6 24. a3 Rae8 25. Qf5 Re5 26. Qg4 Nc2 27. Bd3 Ne3+ 28. Rxe3 Qxe3 29. Be4 Bc5 30. Qf3 Qg1+ 31. Ke2 Qxa1 32. b4 Qb2+ 33. Kd3 Rd8+ 34. Nd5 Qxa3+ 0-1

[Event "November 21 Late 2023"]
[Site "https://www.chess.com"]
[Date "2023.11.21"]
[Round "1"]
[White "Deac, Bogdan-Daniel"]
[Black "Silva Lucena, Cristian"]
[Result "1-0"]
[Board "19"]
[TimeControl "180+1"]
[WhiteFideId "1226380"]
[BlackFideId "2232588"]
[WhiteElo "2641"]
[BlackElo "2248"]
[WhiteTeam "ROU"]
[BlackTeam "ESP"]
[WhiteClock "0:00:55"]
[BlackClock "0:01:05"]

1. b3 g6 2. Bb2 Nf6 3. Nf3 Bg7 4. g3 O-O 5. Bg2 d6 6. d4 e5 7. dxe5 dxe5 8. Qxd8 Rxd8 9. Nxe5 Ng4 10. Nd3 Bxb2 11. Nxb2 Nc6 12. Nd3 Nd4 13. Na3 c6 14. h3 Nf6 15. Rd1 Bf5 16. c3 Bxd3 17. Rxd3 Ne6 18. Nc2 Nc5 19. Re3 Nd5 20. Bxd5 Rxd5 21. Nd4 Rad8 22. O-O Kf8 23. Kg2 h5 24. h4 Nd7 25. Nf3 Nf6 26. c4 R5d6 27. Rc3 Ne4 28. Rc2 Nd2 29. Rfc1 Nxf3 30. Kxf3 Rf6+ 31. Kg2 Rfd6 32. f3 Kg7 33. Kf2 f5 34. b4 Rd4 35. a4 Kf6 36. a5 f4 37. gxf4 Rxf4 38. Kg3 Rdd4 39. e3 1-0

[Event "November 21 Late 2023"]
[Site "https://www.chess.com"]
[Date "2023.11.21"]
[Round "1"]
[White "Musovic, Armin"]
[Black "Pranesh M"]
[Result "1/2-1/2"]
[Board "20"]
[TimeControl "180+1"]
[WhiteFideId "939935"]
[BlackFideId "35028600"]
[WhiteElo "2322"]
[BlackElo "2481"]
[WhiteTeam "MNE"]
[BlackTeam "IND"]
[WhiteClock "0:01:55"]
[BlackClock "0:00:33"]

1. e4 e5 2. Nf3 Nc6 3. Nc3 Nf6 4. a3 d5 5. Bb5 Nxe4 6. Qe2 Nxc3 7. Qxe5+ Be7 8. Qxc3 O-O 9. d4 Bf6 10. O-O Ne7 11. h3 Bf5 12. Bd3 c6 13. Re1 Bxd3 14. Qxd3 Nc8 15. Bf4 Nd6 16. Bxd6 Qxd6 17. Re2 Rfe8 18. Rae1 Rxe2 19. Rxe2 g6 20. c3 Kg7 21. Ne5 a5 22. Ng4 Bg5 23. g3 h5 24. Ne5 Bf6 25. h4 b5 26. Kg2 Re8 27. f4 Re7 28. b4 a4 29. Nf3 Rxe2+ 30. Qxe2 Qd7 31. Ne1 Qf5 32. Qd3 Qe6 33. Kf2 Qh3 34. Nf3 Qh1 35. Qf1 Qxf1+ 36. Kxf1 Kf8 37. Ke2 Ke7 38. Ne1 1/2-1/2

[Event "November 21 Late 2023"]
[Site "https://www.chess.com"]
[Date "2023.11.21"]
[Round "1"]
[White "Bortnyk, Mykola"]
[Black "Jesseinkman"]
[Result "1-0"]
[Board "21"]
[TimeControl "180+1"]
[WhiteFideId "14120836"]
[WhiteElo "2592"]
[BlackElo "2490"]
[WhiteTeam "UKR"]
[WhiteClock "0:00:18"]
[BlackClock "0:00:02"]

1. e4 e5 2. Nf3 Nc6 3. Bb5 a6 4. Ba4 Nf6 5. Qe2 b5 6. Bb3 Bc5 7. c3 d6 8. O-O O-O 9. Rd1 Bb6 10. d4 Qe7 11. Bg5 h6 12. Bxf6 Qxf6 13. Bd5 Bd7 14. dxe5 dxe5 15. Nbd2 Rad8 16. Nf1 Ne7 17. Ne3 Ng6 18. g3 c6 19. Bb3 Bh3 20. a4 h5 21. axb5 axb5 22. Re1 h4 23. Ra6 Bc5 24. Bd5 Rd6 25. Bb3 Bxe3 26. fxe3 Bg4 27. Rf1 hxg3 28. hxg3 Rfd8 29. Ra7 R6d7 30. Rxd7 Rxd7 31. Qg2 Bxf3 32. Rxf3 Qg5 33. Qh3 Qe7 34. Rxf7 Qxf7 35. Bxf7+ Rxf7 36. Qc8+ Kh7 37. Qxc6 Rf3 38. Qxb5 Rxe3 39. Kf2 Rxe4 40. Qd7 Ra4 41. Qxa4 1-0

[Event "November 21 Late 2023"]
[Site "https://www.chess.com"]
[Date "2023.11.21"]
[Round "1"]
[White "Pourkashiyan, Atousa"]
[Black "Demchenko, Anton"]
[Result "0-1"]
[Board "22"]
[TimeControl "180+1"]
[WhiteFideId "12502014"]
[BlackFideId "4160258"]
[WhiteElo "2221"]
[BlackElo "2545"]
[WhiteTeam "USA"]
[BlackTeam "SLO"]
[WhiteClock "0:00:00"]
[BlackClock "0:00:24"]

1. e4 e5 2. Nf3 Nc6 3. Bb5 a6 4. Ba4 Nge7 5. O-O Ng6 6. c3 d6 7. d4 Bd7 8. Re1 Be7 9. Nbd2 O-O 10. Nf1 exd4 11. cxd4 b5 12. Bb3 Na5 13. Bc2 c6 14. Ng3 c5 15. d5 Nc4 16. b3 Bf6 17. Rb1 Nce5 18. Bb2 Bg4 19. Bd3 Bxf3 20. gxf3 Nf4 21. Bf1 Neg6 22. Qd2 Bxb2 23. Rxb2 Qf6 24. Kh1 Ne5 25. Be2 g6 26. Rg1 Nxe2 27. Qxe2 Qxf3+ 28. Qxf3 Nxf3 29. Rc1 a5 30. Kg2 Ne5 31. Rd2 a4 32. Re1 axb3 33. axb3 c4 34. f4 Nd3 35. Rb1 Nxf4+ 36. Kf3 Nd3 37. Nf1 Ne5+ 38. Ke2 c3 39. Rc2 b4 40. Ne3 Ra6 41. Nc4 Nd7 42. Rf1 Re8 43. Rf4 f6 44. Kf3 Kg7 45. h4 Ne5+ 46. Nxe5 fxe5 47. Rg4 Ra3 48. h5 Rxb3 49. hxg6 hxg6 50. Rcg2 Rf8+ 51. Ke3 Rf6 52. Kd3 Rb1 53. Rh4 Rf3+ 54. Kc4 Rb2 55. Rxb2 cxb2 56. Rh1 Rc3+ 57. Kb5 Rc1 0-1

[Event "November 21 Late 2023"]
[Site "https://www.chess.com"]
[Date "2023.11.21"]
[Round "1"]
[White "Matlakov, Maxim"]
[Black "BM223344"]
[Result "1-0"]
[Board "23"]
[TimeControl "180+1"]
[WhiteFideId "4168003"]
[WhiteElo "2638"]
[BlackElo "2489"]
[WhiteTeam "RUS"]
[WhiteClock "0:01:24"]
[BlackClock "0:01:12"]

1. d4 Nf6 2. Nf3 e6 3. Bg5 Be7 4. Nbd2 d5 5. e3 Nbd7 6. Bd3 O-O 7. c3 c5 8. h4 h6 9. Bf4 cxd4 10. exd4 b6 11. Qe2 Bb7 12. Ne5 Ne4 13. Nxe4 dxe4 14. Bxe4 Bxe4 15. Qxe4 Nxe5 16. Bxe5 Qd5 17. Qxd5 exd5 18. Kd2 Rfe8 19. Rae1 f6 20. Bg3 Kf7 21. h5 b5 22. Kd3 a5 23. Bf4 Rec8 24. g4 b4 25. Bd2 Rab8 26. Re2 bxc3 27. Bxc3 a4 28. Rhe1 Bf8 29. Re6 Rc4 30. Ra6 Rb7 31. Ra5 Rd7 32. f4 Bb4 33. Rxd5 Rdc7 34. Rd7+ Rxd7 35. Kxc4 Bd6 36. f5 Rc7+ 37. Kd3 Rb7 38. Re6 Bf4 39. Ra6 Bc1 40. Kc2 Bf4 41. Rxa4 Re7 42. d5 Re2+ 43. Kb3 Bh2 44. Ra7+ Kg8 45. a4 Rg2 46. a5 Rxg4 47. a6 Bg1 48. Rb7 Rg5 49. d6 Rxf5 50. d7 1-0

[Event "November 21 Late 2023"]
[Site "https://www.chess.com"]
[Date "2023.11.21"]
[Round "1"]
[White "a-z30"]
[Black "Galchenko, Matvey"]
[Result "0-1"]
[Board "24"]
[TimeControl "180+1"]
[BlackFideId "24175480"]
[WhiteElo "2484"]
[BlackElo "2406"]
[BlackTeam "FID"]
[WhiteClock "0:00:02"]
[BlackClock "0:00:09"]

1. d3 f5 2. g3 Nf6 3. Bg2 g6 4. e4 d6 5. Nc3 Nc6 6. Bg5 Bg7 7. h4 h6 8. Bxf6 Bxf6 9. Qd2 Bg7 10. Nh3 e5 11. Nd5 O-O 12. c3 Be6 13. h5 g5 14. exf5 Bxf5 15. Ne3 Be6 16. Bd5 Qd7 17. Qe2 Kh8 18. Bxe6 Qxe6 19. Qg4 Qf7 20. O-O d5 21. Rae1 e4 22. d4 Rae8 23. Kg2 Qg8 24. f4 exf3+ 25. Rxf3 Re4 26. Qd7 Rxf3 27. Kxf3 g4+ 28. Nxg4 Rxe1 29. Nf4 Qe8 30. Ng6+ Kg8 31. Qxd5+ Qf7+ 32. Qxf7+ Kxf7 33. Ne3 Ra1 34. a3 Rb1 35. Nc4 b5 36. Ne3 Rxb2 37. Ke4 Rb3 38. Nd5 Rxa3 39. g4 a5 40. Nxc7 b4 41. Nb5 Ra1 42. c4 Re1+ 43. Kd3 Nxd4 44. Nd6+ Ke6 45. Ne4 Rxe4 46. Kxe4 b3 47. Nf4+ Kd6 48. Nd3 a4 49. c5+ Kc6 50. g5 hxg5 51. h6 Bh8 52. Ne5+ Kxc5 53. Nf7 Bf6 54. h7 b2 55. Nxg5 b1=Q+ 56. Ke3 Bxg5+ 0-1

[Event "November 21 Late 2023"]
[Site "https://www.chess.com"]
[Date "2023.11.21"]
[Round "1"]
[White "Elsa167"]
[Black "FuenfgegenWilly"]
[Result "1-0"]
[Board "25"]
[TimeControl "180+1"]
[WhiteElo "2956"]
[BlackElo "2482"]
[WhiteClock "0:02:24"]
[BlackClock "0:01:04"]

1. d4 d5 2. c4 e5 3. e3 exd4 4. exd4 dxc4 5. Bxc4 Nf6 6. Nf3 Bd6 7. Qe2+ Qe7 8. Qxe7+ Kxe7 9. O-O Re8 10. Bg5 Nd7 11. Nc3 Kf8 12. Bb3 a6 13. Rfe1 Rxe1+ 14. Rxe1 h6 15. Bh4 b6 16. Ne5 Bxe5 17. dxe5 Ng4 18. f4 h5 19. Nd5 c6 20. Nc7 Ra7 21. e6 fxe6 22. Nxe6+ Kg8 23. Ng5+ Kf8 24. Nh7# 1-0

[Event "November 21 Late 2023"]
[Site "https://www.chess.com"]
[Date "2023.11.21"]
[Round "1"]
[White "Koutlas, Nikolaos"]
[Black "Chigaev, Maksim"]
[Result "0-1"]
[Board "26"]
[TimeControl "180+1"]
[WhiteFideId "25827138"]
[BlackFideId "4108116"]
[WhiteElo "2215"]
[BlackElo "2561"]
[WhiteTeam "GRE"]
[BlackTeam "ESP"]
[WhiteClock "0:00:13"]
[BlackClock "0:00:11"]

1. c4 g6 2. Nc3 Bg7 3. g3 d6 4. Bg2 c5 5. Nf3 Nc6 6. O-O Nf6 7. a3 O-O 8. Rb1 Bf5 9. d3 Qd7 10. Re1 b6 11. b4 Rac8 12. Bd2 Bh3 13. Bh1 h6 14. b5 Na5 15. Qc1 Kh7 16. e4 e5 17. Nh4 Nh5 18. Qd1 Bg4 19. Bf3 Bxf3 20. Qxf3 Nb7 21. Nd5 Nd8 22. Nf5 Ne6 23. Bxh6 f6 24. Bxg7 Ng5 25. Qg4 gxf5 26. Qxh5+ Kxg7 27. h4 Rh8 28. Nxf6 Rxh5 29. Nxd7 Nf3+ 30. Kg2 Nxe1+ 31. Rxe1 Rd8 0-1